 Dungeon Crawl Stone Soup version 0.29.1-15-g9cfb28693d (webtiles) character file.

Game seed: 2016986138515381172

101 H0rd4k the Charlatan (level 5, -2/35 (38) HPs)
             Began as a Human Artificer on Apr 26, 2023.
             Slain by a necrophage (7 damage)
             ... on level 3 of the Dungeon.
             The game lasted 00:02:28 (3397 turns).

H0rd4k the Charlatan (Human Artificer)              Turns: 3397, Time: 00:02:28

HP:   -2/35 (38)    AC:  3    Str: 12    XL:     5   Next: 4%
MP:   5/5           EV: 12    Int: 13    God:
Gold: 130           SH:  0    Dex: 14    Spells: 4/4 levels left

rFire   . . .      SeeInvis .   o - +1 dagger (venom)
rCold   . . .      Faith    .   (no shield)
rNeg    . . .      Spirit   .   b - +0 leather armour
rPois   .          Reflect  .   (no helmet)
rElec   .          Harm     .   (no cloak)
rCorr   .          Rampage  .   (no gloves)
Will    .....                   (no boots)
Stlth   ++........              (no amulet)
HPRegen 0.11/turn               (no ring)
MPRegen 0.09/turn               (no ring)

@: drained
A: no striking features
a: no special abilities


You were on level 3 of the Dungeon.
You visited 1 branch of the dungeon, and saw 3 of its levels.

You collected 130 gold pieces.

Inventory:

Hand Weapons
 j - a +1 whip of electrocution
 o - a +1 dagger of venom (weapon)
Armour
 b - a +0 leather armour (worn)
Jewellery
 l - an amulet of reflection
Wands
 c - a wand of flame (10) (quivered)
 d - a wand of charming (14)
 e - a wand of iceblast (5)
 m - a wand of polymorph (2)
Scrolls
 a - 2 scrolls of amnesia {unknown}
 h - 5 scrolls of identify {unknown}
 i - a scroll of enchant armour {unknown}
 n - a scroll of teleportation {unknown}
Potions
 f - 2 potions of heal wounds {unknown}
 g - a potion of resistance {unknown}
 k - a potion of degeneration {unknown}
 p - a potion of might {unknown}
 q - 2 potions of mutation {unknown}


   Skills:
 + Level 2.0 Fighting
 + Level 0.2 Short Blades
 - Level 1.4 Maces & Flails
 - Level 2.0 Armour
 + Level 2.1 Dodging
 + Level 2.0 Stealth
 + Level 3.6 Evocations


You had 4 spell levels left.
You didn't know any spells.
Your spell library contained the following spells:

 Spells                   Type           Power      Damage    Failure   Level
 Confusing Touch          Hex            0%         N/A       75%         3
 Yara's Violent Unravell  Hex/Tmut       0%         3d3       100%        5
 Enfeeble                 Hex            0%         N/A       100%        7


Dungeon Overview and Level Annotations

Branches:
Dungeon (3/15)

Altars:
Elyvilon

Annotations:
D:1 exclusion: downstairs


Message History

The necrophage hits you.
You feel drained.
You hit the necrophage.
The necrophage is heavily damaged.
The necrophage hits you but does no damage.
You hit the necrophage.
The necrophage is severely damaged.
The necrophage closely misses you.
You barely miss the necrophage.
The necrophage is severely damaged.
The necrophage barely misses you.
You closely miss the necrophage.
The necrophage is severely damaged.
The necrophage barely misses you.
You hit the necrophage.
The necrophage is severely damaged.
You barely miss the necrophage.
The necrophage is severely damaged.
The necrophage misses you.
You barely miss the necrophage.
The necrophage is severely damaged.
The necrophage hits you.
You barely miss the necrophage.
The necrophage is severely damaged.
The necrophage barely misses you.
You hit the necrophage.
The necrophage is severely damaged.
The necrophage hits you.
You barely miss the necrophage.
The necrophage is severely damaged.
The necrophage barely misses you.
You hit the necrophage.
The necrophage is almost destroyed.
The necrophage hits you.
* * * LOW HITPOINT WARNING * * *
You feel drained.
* * * LOW HITPOINT WARNING * * *
You hit the necrophage but do no damage.
The necrophage is severely damaged.
The necrophage hits you!
You die...

♣ ♣♣♣.P♣
.....P♣##
♣..@# ♣♣♣n#
♣♣.g# ♣.<.#
#.......♣
..........♣
#..<......♣
#..###.....
... #....♣♣


You could see a necrophage and a goblin.

Vanquished Creatures
  An adder (D:2)
  3 gnolls (D:2)
  A dart slug (D:2)
  5 orcs
  4 bats
  3 endoplasms
  3 giant cockroaches (D:1)
  4 goblins
  3 hobgoblins
  2 jackals (D:1)
  2 quokkas
  4 ball pythons
  3 frilled lizards
  6 kobolds
  3 rats
47 creatures vanquished.

Vanquished Creatures (others)
  A gnoll (D:2)
  3 plants (D:2)
4 creatures vanquished.

Grand Total: 51 creatures vanquished

Notes
Turn   | Place    | Note
-------+----------+-------------------------------------------
     0 | D:1      | H0rd4k the Human Artificer began the quest for the Orb.
     0 | D:1      | Reached XP level 1. HP: 15/15 MP: 1/1
   554 | D:1      | Reached XP level 2. HP: 21/21 MP: 2/2
  1303 | D:1      | Reached XP level 3. HP: 26/26 MP: 3/3
  2255 | D:2      | Reached skill level 1 in Maces & Flails
  2258 | D:2      | Reached XP level 4. HP: 12/32 MP: 4/4
  2893 | D:2      | Found a white marble altar of Elyvilon.
  3029 | D:2      | Reached XP level 5. HP: 38/38 MP: 5/5
  3397 | D:3      | Slain by a necrophage

Illustrated notes

Levels and vault maps discovered:
D:1:      lightli_arrival_lavapool, layout_loops_corners
D:2:      layout_loops_ring, basic_altar, minmay_stone_trees_small,
          serial_bayou_pond_d
D:3:      layout_loops_cross, grunt_qazlal_sundering, evilmike_ruin_ashenzari,
          serial_forest, infiniplex_forest_3_way, infiniplex_forest_clump_small,
          infiniplex_forest_clump_curved, infiniplex_forest_end_3,
          infiniplex_forest_end_2, infiniplex_forest_corner_2,
          infiniplex_forest_straight_2, infiniplex_forest_corner_1,
          minmay_misc_feat_tower

Skill      XL: |  1  2  3  4  5 |
---------------+----------------+-----
Maces & Flails | 1 |  1.4
Fighting       | 2 |  2.0
Dodging        | 2 |  2.1
Stealth        | 2 |  2.0
Short Blades   | |  0.2
Armour         | |  2.0
Evocations     | |  3.6

Action                   |  1- 3 |  4- 6 || total
-------------------------+-------+-------++-------
Melee: Club              |    81 |       ||    81
       Whip              |    44 |       ||    44
       Punch             |     2 |       ||     2
       Dagger            |       |    77 ||    77
Evoke: Wand              |     3 |     3 ||     6
 Stab: Sleeping          |     5 |     2 ||     7
Armor: Leather armour    |    43 |    15 ||    58
Dodge: Dodged            |    85 |    46 ||   131
